Map: Neon Violet Square LE

Players

axu

  • Race: Protoss Protoss
  • League: Platinum
  • Spawn Location: 5:00

JUV - Winner!

  • Race: Terran Terran
  • League: Platinum
  • Spawn Location: 11:00

VOD

Have the link to the VOD?

Description

Time

  • Played on: Jan. 5, 2018, 8:14 a.m.
  • Length: 16:41
Show
View Real Time Build Order
Export as new Build Order

axu Protoss 

Build Orders: 1 Gate Expand 

Get SALT Encoding   

  12  0:01  Probe  
  13  0:16  Pylon  
  13  0:19  Probe  
  14  0:32  Probe  
  15  0:37  Gateway  
  15  0:45  Probe  
  15  0:49  Assimilator  
  16  0:57  Probe  
  17  1:09  Probe  
  18  1:21  Probe  
  19  1:32  Nexus  
  19  1:47  Probe  
  19  1:53  Cybernetics Core  
  20  2:04  Assimilator  
  20  2:06  Pylon  
  19  2:15  Probe  
  20  2:26  Warp Gate (Chrono Boost)  
  20  2:28  Probe  
  21  2:31  Stalker  
  23  2:40  Probe  
  24  2:46  Robotics Facility  
  24  2:50  Probe  
  25  2:52  Probe  
  26  3:02  Probe  
  27  3:10  Probe  
  28  3:14  Probe  
  29  3:22  Gateway x2, Probe  
  29  3:26  Probe  
  31  3:32  Pylon  
  31  3:34  Observer  
  32  3:38  Stalker  
  34  3:45  Pylon, Probe x2  
  36  3:57  Immortal (Chrono Boost), Probe  
  36  3:58  Probe  
  43  4:10  Probe x2  
  43  4:15  Twilight Council  
  44  4:18  Pylon  
  44  4:22  Forge  
  44  4:32  Observer (Chrono Boost)  
  44  4:35  Stalker  
  47  4:57  Shield Battery  
  47  5:04  Shield Battery  
  47  5:06  Assimilator  
  47  5:08  Stalker x2  
  47  5:09  Stalker  
  47  5:11  Assimilator  
  51  5:29  Probe x2  
  53  5:41  Probe x2  
  54  5:43  Nexus  
  54  5:47  Blink (Chrono Boost)  
  54  5:52  Protoss Ground Weapons Level 1  
  54  5:57  Pylon  
  54  5:58  Immortal  
  54  6:01  Pylon  
  56  6:12  Stalker  
  56  6:13  Stalker x2  
  56  6:17  Probe x2  
  64  6:22  Pylon  
  64  6:29  Probe x2  
  66  6:36  Shield Battery  
  66  6:39  Shield Battery  
  66  6:40  Immortal, Photon Cannon  
  66  6:41  Probe x2  
  72  6:50  Photon Cannon  
  72  6:59  Gateway x2  
  71  7:17  Stalker x3  
  71  7:18  Forge  
  77  7:36  Probe x3  
  80  7:46  Sentry x2  
  80  7:48  Probe x3  
  87  8:00  Probe x3  
  90  8:12  Probe x3  
  93  8:24  Immortal, Probe  
  98  8:29  Robotics Bay  
  98  8:36  Protoss Ground Weapons Level 2 (Chrono Boost)  
  98  8:43  Protoss Ground Armor Level 1 (Chrono Boost)  
  98  8:50  Assimilator  
  98  8:52  Pylon  
  98  8:54  Assimilator  
  98  8:55  Shield Battery  
  98  8:57  Shield Battery  
  98  8:59  Stalker, Shield Battery  
  100  9:03  Immortal  
  100  9:08  Charge  
  104  9:11  Pylon  
  104  9:12  Pylon  
  104  9:14  Pylon  
  104  9:30  Probe  
  104  9:31  Probe x2  
  107  9:33  Stalker x2  
  107  9:34  Stalker  
  113  9:43  Observer, Probe x2  
  113  9:44  Extended Thermal Lance (Chrono Boost)  
  116  9:56  Probe x2  
  116  9:57  Probe  
  119  10:00  Colossus (Chrono Boost)  
  125  10:18  Stalker  
  125  10:19  Stalker  
  125  10:20  Zealot x3  
  135  10:25  Protoss Shields Level 1 (Chrono Boost)  
  135  10:42  Protoss Ground Weapons Level 3 (Chrono Boost)  
  135  10:47  Colossus  
  141  11:09  Pylon  
  141  11:12  Pylon  
  141  11:14  Pylon  
  141  11:17  Pylon  
  141  11:22  Pylon  
  141  11:24  Pylon  
  141  11:40  Warp Prism (Chrono Boost)  
  141  11:46  Stargate  
  72  12:41  Forge  
  71  12:44  Fleet Beacon  
  71  12:48  Stalker  
  71  12:49  Stalker x3  
  71  12:50  Stalker  
  81  12:55  Stargate x2  
  81  13:02  Immortal  
  85  13:22  Stalker x2  
  85  13:23  Stalker x3  
  95  13:29  Protoss Air Weapons Level 1 (Chrono Boost)  
  95  13:33  Templar Archives  
  95  13:48  Nexus  
  95  13:49  Photon Cannon  
  95  13:51  Pylon, Photon Cannon  
  95  13:52  Void Ray x3 (Chrono Boost)  
  95  13:53  Pylon, Photon Cannon  
  95  13:54  Pylon, Photon Cannon  
  107  13:56  Photon Cannon x2  
  107  13:57  Photon Cannon  
  107  13:59  Photon Cannon  
  107  14:00  Photon Cannon  
  107  14:02  Photon Cannon  
  107  14:09  Psionic Storm  
  107  14:13  Protoss Shields Level 2  
  107  14:14  Protoss Ground Armor Level 2  
  105  14:27  Void Ray  
  105  14:28  Carrier  
  115  14:34  Void Ray  
  119  14:51  Shield Battery  
  119  14:52  Shield Battery  
  119  14:57  Shield Battery  
  119  14:58  Assimilator  
  119  15:02  Assimilator  
  119  15:10  Void Ray  
  123  15:17  Void Ray  
  127  15:31  Stargate  
  127  15:35  Stargate  
  127  15:37  Cybernetics Core  
  127  15:51  Warp Prism  
  127  15:53  Stalker x4, Void Ray x2  
  127  15:54  Stalker  
  147  16:01  Nexus  
  147  16:03  Pylon  
  151  16:05  Pylon  
Show
View Real Time Build Order
Export as new Build Order

JUV Terran - Winner!

Build Orders: Banshee Rush 

Get SALT Encoding   

  12  0:01  SCV  
  13  0:15  Supply Depot  
  13  0:18  SCV  
  14  0:30  SCV  
  15  0:36  Refinery  
  16  0:42  SCV  
  16  0:47  Barracks  
  16  0:55  SCV  
  17  1:07  SCV  
  18  1:19  SCV  
  19  1:31  SCV  
  20  1:35  Supply Depot  
  20  1:38  Marine  
  21  1:43  Orbital Command  
  21  1:52  Factory  
  21  1:55  Marine  
  22  2:03  Supply Depot  
  22  2:08  SCV  
  22  2:13  Marine  
  24  2:21  SCV  
  25  2:26  Supply Depot  
  25  2:31  Marine  
  25  2:33  SCV  
  25  2:35  Refinery  
  27  2:37  Starport  
  27  2:41  Factory Tech Lab  
  27  2:45  SCV  
  27  2:49  Marine  
  29  2:57  SCV  
  30  3:09  SCV  
  30  3:12  Supply Depot  
  31  3:13  Starport Tech Lab  
  31  3:21  SCV  
  31  3:23  Engineering Bay  
  32  3:33  Banshee, SCV  
  39  3:38  Cloaking Field  
  36  3:45  SCV  
  37  3:55  Marine  
  37  3:57  SCV  
  37  3:58  Command Center  
  39  4:04  Siege Tank  
  39  4:09  SCV  
  43  4:16  Banshee  
  46  4:22  SCV  
  47  4:34  Marine, SCV  
  47  4:36  Siege Tank  
  52  4:42  Supply Depot  
  52  4:46  SCV  
  53  4:58  SCV  
  54  5:06  Armory  
  54  5:10  Orbital Command, SCV  
  55  5:22  SCV  
  56  5:34  SCV  
  54  5:46  SCV  
  55  5:57  Viking  
  57  5:58  SCV  
  57  5:59  SCV  
  62  6:04  Siege Tank  
  62  6:10  SCV  
  60  6:11  SCV, Factory  
  60  6:15  Supply Depot  
  61  6:22  Refinery  
  61  6:23  SCV x2  
  63  6:25  Refinery  
  63  6:28  Missile Turret  
  63  6:35  SCV x2  
  63  6:36  Siege Tank  
  63  6:37  Supply Depot  
  68  6:40  Refinery, Command Center  
  68  6:43  Refinery  
  68  6:47  SCV x2  
  68  6:50  Missile Turret  
  70  7:01  Factory Tech Lab  
  70  7:04  Terran Vehicle Weapons Level 1  
  70  7:08  Siege Tank  
  73  7:12  Missile Turret  
  73  7:13  SCV x2  
  75  7:17  Viking  
  75  7:22  Armory  
  77  7:25  SCV x2  
  77  7:27  Supply Depot  
  79  7:33  Supply Depot  
  79  7:40  SCV x2  
  81  7:47  Viking  
  81  7:51  Supply Depot  
  83  7:52  SCV x2  
  83  7:54  Orbital Command  
  83  7:55  Supply Depot  
  85  8:02  Missile Turret  
  85  8:04  SCV x2, Hi-Sec Auto Tracking  
  87  8:14  Supply Depot  
  87  8:15  Fusion Core  
  87  8:17  Starport, Supply Depot, Terran Ship Weapons Level 1  
  87  8:22  Siege Tank  
  87  8:25  SCV x2, Missile Turret  
  87  8:26  SCV  
  93  8:37  SCV  
  93  8:41  Supply Depot  
  94  8:43  SCV  
  94  8:44  SCV  
  94  8:46  Missile Turret  
  96  8:52  Siege Tank  
  99  8:57  Starport  
  99  8:58  Terran Vehicle And Ship Armor Level 1  
  99  8:59  Starport Reactor  
  99  9:04  Supply Depot  
  99  9:18  Missile Turret  
  99  9:26  Supply Depot  
  99  9:35  Refinery, Command Center  
  99  9:38  Refinery  
  99  9:39  Missile Turret  
  99  9:51  SCV x2  
  107  9:53  Battlecruiser  
  107  10:02  Starport Tech Lab  
  107  10:03  Missile Turret  
  107  10:06  Supply Depot  
  107  10:10  Terran Vehicle Weapons Level 2  
  107  10:11  Siege Tank x2  
  113  10:18  SCV x3  
  116  10:23  Viking x2  
  116  10:24  Battlecruiser  
  126  10:29  Supply Depot  
  126  10:30  SCV x2  
  128  10:43  Siege Tank x2  
  134  10:52  Terran Ship Weapons Level 2, Supply Depot  
  134  10:53  Orbital Command, Viking  
  142  10:57  Battlecruiser  
  142  11:15  Siege Tank  
  142  11:16  Siege Tank  
  148  11:28  Battlecruiser  
  154  11:32  Missile Turret  
  154  11:41  Marine  
  154  11:45  Viking x2  
  159  11:48  Siege Tank x2  
  165  11:54  Missile Turret  
  165  11:56  SCV x3  
  165  11:59  Marine  
  151  12:17  Marine, Missile Turret  
  151  12:20  Siege Tank x2  
  149  12:26  Terran Vehicle And Ship Armor Level 2  
  137  12:34  Marine  
  137  12:36  Battlecruiser x2, Viking  
  146  12:52  Marine, Siege Tank x2, Factory  
  153  13:08  Terran Vehicle Weapons Level 3  
  153  13:17  Command Center  
  153  13:24  Siege Tank  
  156  13:27  SCV x2  
  156  13:28  SCV  
  159  13:37  Factory Tech Lab  
  159  13:38  Siege Tank  
  159  13:39  SCV x2  
  159  13:40  SCV  
  165  13:46  Marine  
  166  13:52  SCV x2  
  166  13:53  SCV  
  169  13:56  Siege Tank  
  169  14:00  Siege Tank  
  175  14:04  Marine, SCV x2  
  175  14:05  SCV  
  179  14:10  Siege Tank  
  182  14:28  Siege Tank, Missile Turret  
  185  14:31  Missile Turret  
  185  14:43  Siege Tank  
  185  14:44  Siege Tank  
  191  14:46  Battlecruiser  
  191  14:51  Missile Turret  
  197  14:53  Missile Turret  
  197  14:55  Orbital Command  
  197  15:00  Siege Tank  
  200  15:09  Refinery, Command Center  
  200  15:11  Refinery  
  200  15:12  Missile Turret  
  199  15:18  Missile Turret  
  199  15:23  Marine  
  200  15:34  Missile Turret  
  200  15:41  Missile Turret  
Tags
 
Add a new tag
Caveats
  • Supply blocks, unpowered buildings, or Contaminate may cause inaccurate times.
  • Supply counts are checked every 10 seconds.